 Dungeon Crawl Stone Soup version 0.23-a0-242-g2b5ca64 (webtiles) character file.

668343 iamserjio the Acrobat (level 27, -23/155 HPs)
             Began as a Spriggan Air Elementalist on Sept 27, 2018.
             Was the Champion of Qazlal.
             Annihilated by an Orb Guardian (65 damage)
             ... on level 5 of the Realm of Zot on Sept 28, 2018.
             The game lasted 08:12:38 (126718 turns).

iamserjio the Acrobat (Spriggan Air Elementalist) Turns: 126718, Time: 08:12:38

Health: -23/155    AC:  9    Str: 10    XL:     27
Magic:  13/48      EV: 44    Int: 35    God:    Qazlal [******]
Gold:   680        SH:  8    Dex: 25    Spells: 2/66 levels left

rFire    + + +     SeeInvis +   Y - staff of air
rCold    . . .     Gourm    .   (shield currently unavailable)
rNeg     . . .     Faith    .   k - +1 robe of the Kraken {rC+ Int+3 Dex+7}
rPois    .         Spirit   .   F - +2 hat {Int+3}
rElec    +         Reflect  .   j - +2 cloak of Knowledge {rF+ Stlth+}
rCorr    .         Harm     .   (gloves unavailable)
MR       +++++     Clarity  +   (boots unavailable)
Stlth    +.........             W - amulet of magic regeneration
HPRegen  0.00/turn              O - ring "Loacicigg" {EV+3 Str+7 Int+4}
MPRegen  0.56/turn              P - ring of Bidghivo {Wiz rElec rF+++ rC- Str-4}

@: deflect missiles, very quick
A: very small, unfitting armour, see invisible, clarity, herbivore, speed 3,
magic resistance 1, screaming 1, inhibited regeneration, slow metabolism 2,
evolution 1
}: 4/15 runes: decaying, slimy, silver, gossamer
a: Upheaval, Elemental Force, Disaster Area, Renounce Religion


You were on level 5 of the Realm of Zot.
You worshipped Qazlal.
Qazlal was exalted by your worship.
You were not hungry.

You visited 11 branches of the dungeon, and saw 55 of its levels.
You also visited: Labyrinth, Ossuary, Ice Cave and Volcano.

You collected 7966 gold pieces.
You spent 7286 gold pieces at shops.

Inventory:

Hand Weapons
 G - a +9 fustibalus of freezing
Missiles
 a - 8 throwing nets (quivered) {!f}
 t - 738 sling bullets
Armour
 j - the +2 cloak of Knowledge (worn) {rF+ Stlth+}
   (You bought it in a shop on level 4 of the Vaults)

   It protects you from fire.
   It makes you more stealthy.
 k - the +1 robe of the Kraken (worn) {rC+ Int+3 Dex+7}
   (You found it on level 1 of the Depths)

   It affects your intelligence (+3).
   It affects your dexterity (+7).
   It protects you from cold.
 y - a +2 robe of resistance
 z - a +2 robe of the Archmagi
 F - a +2 hat of intelligence (worn)
 M - quicksilver dragon scales
Magical Staves
 f - an uncursed staff of energy
 Y - an uncursed staff of air (weapon)
Jewellery
 u - the ring "Hahasit" {rCorr rElec rPois Dex-2 Slay+4}
   (You took it off a deep elf death mage on level 3 of the Elven Halls)

   [ring of resist corrosion]

   It affects your dexterity (-2).
   It affects your accuracy and damage with ranged weapons and melee attacks
   (+4).
   It insulates you from electricity.
   It protects you from poison.
 v - the ring of Phasing {EV+8}
   (You took it off a deep elf annihilator on level 3 of the Elven Halls)

   [ring of evasion]

   It affects your evasion (+8).
 B - the ring of Jojor {rN+ EV+2}
   (You acquired it on level 5 of the Realm of Zot)

   [ring of evasion]

   It affects your evasion (+2).
   It protects you from negative energy.
 J - the ring of Hakufil {+Fly rF+ rC+ MP+9}
   (You found it on level 7 of the Dungeon)

   [ring of magical power]

   It protects you from fire.
   It protects you from cold.
   It affects your magic capacity (+9).
   It lets you fly.
 L - the ring of Moodiness {rPois MR+ Int+4 Dex+3 Slay+3}
   (You acquired it on level 1 of the Realm of Zot)

   [ring of poison resistance]

   It affects your intelligence (+4).
   It affects your dexterity (+3).
   It affects your accuracy and damage with ranged weapons and melee attacks
   (+3).
   It protects you from poison.
   It affects your resistance to hostile enchantments.
 O - the ring "Loacicigg" (left hand) {EV+3 Str+7 Int+4}
   (You bought it in a shop on level 2 of the Depths)

   [ring of evasion]

   It affects your evasion (+3).
   It affects your strength (+7).
   It affects your intelligence (+4).
 P - the ring of Bidghivo (right hand) {Wiz rElec rF+++ rC- Str-4}
   (You bought it in a shop on level 2 of the Depths)

   [ring of wizardry]

   It improves your spell success rate.
   It affects your strength (-4).
   It renders you almost immune to fire.
   It makes you vulnerable to cold.
   It insulates you from electricity.
 T - the ring "Ferualin" {+Blink Str+4}
   (You bought it in a shop on level 2 of the Depths)

   [ring of strength]

   It affects your strength (+4).
   It lets you blink.
 W - an amulet of magic regeneration (around neck)
Wands
 H - a wand of paralysis (101)
 N - a wand of enslavement (6)
 Q - a wand of digging (25)
 R - a wand of iceblast (5)
 Z - a wand of scattershot (4)
Scrolls
 d - 7 scrolls of fear
 e - 2 scrolls of holy word
 l - 16 scrolls of teleportation
 m - a scroll of acquirement
 r - 2 scrolls of identify {@r1}
 w - a scroll of amnesia
 D - 2 scrolls of summoning
 I - 5 scrolls of blinking
 U - 10 scrolls of fog
Potions
 b - 7 potions of brilliance
 g - 3 potions of haste
 h - 6 potions of magic
 n - 3 potions of might
 p - 3 potions of mutation
 q - 8 potions of curing {@q1}
 s - 11 potions of lignification
 x - 10 potions of cancellation
 C - 3 potions of invisibility
 E - 4 potions of resistance
 K - 4 potions of ambrosia
Miscellaneous
 i - a fan of gales
 o - a phial of floods
 A - a lamp of fire
 S - 2 boxes of beasts
 X - a lightning rod (4/4)
Comestibles
 c - 24 rations


   Skills:
 + Level 19.3 Fighting
   Level 2.0 Short Blades
 + Level 8.4 Slings
 - Level 8.0 Armour
 + Level 23.6 Dodging
 - Level 3.0 Stealth
 - Level 20.0 Spellcasting
 - Level 11.0 Conjurations
 - Level 1.0 Charms
 - Level 8.0 Summonings
 - Level 8.0 Necromancy
 - Level 13.4 Translocations
 - Level 4.0 Ice Magic
 - Level 22.2 Air Magic
 - Level 1.0 Earth Magic
 + Level 10.3 Invocations
 - Level 18.0 Evocations


You had 2 spell levels left.
You knew the following spells:

 Your Spells              Type           Power        Failure   Level  Hunger
a - Deflect Missiles      Chrm/Air       ########..   1%          6    None
b - Airstrike             Air            ########..   0%          4    None
c - Lightning Bolt        Conj/Air       ########..   1%          5    None
d - Tornado               Air            ########..   4%          9    #####..
e - Summon Lightning Spi  Summ/Air       ########     0%          4    None
f - Malign Gateway        Summ/Tloc      #######...   4%          7    None
g - Passwall              Tmut/Erth      #####...     1%          2    None
h - Animate Dead          Necr           N/A          1%          4    None
i - Regeneration          Chrm/Necr      ######....   1%          3    None
j - Freezing Cloud        Conj/Ice/Air   ########..   1%          6    None
k - Dispel Undead         Necr           ######..     1%          5    None
l - Shadow Creatures      Summ           N/A          1%          6    None
m - Shroud of Golubria    Chrm/Tloc      ######....   1%          2    None
n - Summon Butterflies    Summ           ######..     1%          1    None

Your spell library contained the following spells:

 Spells                   Type           Power        Failure   Level  Hunger
 Apportation              Tloc           ######       0%          1    None
 Magic Dart               Conj           ####         0%          1    None
 Shock                    Conj/Air       ####         0%          1    None
 Poisonous Vapours        Pois/Air       ######       0%          2    None
 Searing Ray              Conj           ######       0%          2    None
 Swiftness                Chrm/Air       ########     0%          2    None
 Animate Skeleton         Necr           N/A          1%          1    None
 Beastly Appendage        Tmut           #####.       1%          1    None
 Confusing Touch          Hex            #####.       1%          1    None
 Corona                   Hex            #####..      1%          1    None
 Flame Tongue             Conj/Fire      #####        1%          1    None
 Freeze                   Ice            ####         1%          1    None
 Infusion                 Chrm           ####         1%          1    None
 Pain                     Necr           ####         1%          1    None
 Sandblast                Erth           #####.       1%          1    None
 Sting                    Conj/Pois      ####         1%          1    None
 Summon Small Mammal      Summ           ####         1%          1    None
 Call Imp                 Summ           ######..     1%          2    None
 Corpse Rot               Necr           N/A          1%          2    None
 Ensorcelled Hibernation  Hex/Ice        #####.       1%          2    None
 Slow                     Hex            #####...     1%          2    None
 Song of Slaying          Chrm           #####...     1%          2    None
 Sublimation of Blood     Necr           ######....   1%          2    None
 Throw Flame              Conj/Fire      ######       1%          2    None
 Throw Frost              Conj/Ice       ######       1%          2    None
 Gell's Gravitas          Tloc           #######...   0%          3    None
 Lesser Beckoning         Tloc           #######...   0%          3    None
 Static Discharge         Conj/Air       ########     0%          3    None
 Call Canine Familiar     Summ           ######..     1%          3    None
 Confuse                  Hex            #####...     1%          3    None
 Conjure Flame            Conj/Fire      ######..     1%          3    None
 Dazzling Spray           Conj/Hex       ######       1%          3    None
 Ignite Poison            Fire/Tmut/Pois #####...     1%          3    None
 Inner Flame              Hex/Fire       #####...     1%          3    None
 Mephitic Cloud           Conj/Pois/Air  ########     1%          3    None
 Ozocubu's Armour         Chrm/Ice       ######..     1%          3    None
 Portal Projectile        Hex/Tloc       ######       1%          3    None
 Recall                   Summ/Tloc      N/A          1%          3    None
 Spectral Weapon          Hex/Chrm       #####...     1%          3    None
 Spider Form              Tmut/Pois      #####.....   1%          3    None
 Stone Arrow              Conj/Erth      ######       1%          3    None
 Summon Guardian Golem    Hex/Summ       ######..     1%          3    None
 Tukima's Dance           Hex            #####...     1%          3    None
 Vampiric Draining        Necr           ######....   1%          3    None
 Force Lance              Conj/Tloc      #######.     1%          4    None
 Fulminant Prism          Conj/Hex       ######....   1%          4    None
 Ice Form                 Ice/Tmut       #####...     1%          4    None
 Iskenderun's Mystic Bla  Conj           #######.     1%          4    None
 Sticky Flame             Conj/Fire      ######..     1%          4    None
 Summon Ice Beast         Ice/Summ       ######..     1%          4    None
 Throw Icicle             Conj/Ice       ######..     1%          4    None
 Agony                    Necr           ######..     1%          5    None
 Aura of Abjuration       Summ           ######....   1%          5    None
 Bolt of Draining         Conj/Necr      #######...   1%          5    None
 Borgnjor's Vile Clutch   Necr/Erth      ######....   1%          5    None
 Excruciating Wounds      Chrm/Necr      ######....   1%          5    None
 Fireball                 Conj/Fire      ######....   1%          5    None
 Irradiate                Conj/Tmut      ######....   1%          5    None
 Silence                  Hex/Air        ########..   1%          5    None
 Summon Demon             Summ           ######....   1%          5    None
 Summon Forest            Summ/Tloc      #######...   1%          5    None
 Summon Mana Viper        Hex/Summ       ######..     1%          5    None
 Venom Bolt               Conj/Pois      ######....   1%          5    None
 Conjure Ball Lightning   Conj/Air       ########..   1%          6    None
 Leda's Liquefaction      Hex/Erth       #####.....   2%          4    None
 Petrify                  Tmut/Erth      #####...     2%          4    None
 Bolt of Cold             Conj/Ice       ######....   2%          6    None
 Cause Fear               Hex            #####.....   3%          4    None
 Olgreb's Toxic Radiance  Pois           #####...     3%          4    None
 Metabolic Englaciation   Hex/Ice        #####.....   4%          5    None
 Simulacrum               Ice/Necr       ######....   4%          6    None
 Lee's Rapid Deconstruct  Erth           #####.....   6%          5    None
 Bolt of Fire             Conj/Fire      ######....   6%          6    None
 Alistair's Intoxication  Tmut/Pois      #####...     10%         5    None
 Yara's Violent Unravell  Hex/Tmut       #####.....   10%         5    None
 Ozocubu's Refrigeration  Ice            ######....   11%         6    None
 Statue Form              Tmut/Erth      #####....    38%         6    None
 Darkness                 Hex            #####.....   45%         6    None
 Hydra Form               Tmut           #####.....   45%         6    None
 Invisibility             Hex            #####...     45%         6    None
 Ring of Flames           Chrm/Fire      #####.....   91%         7    None
 Dragon Form              Tmut           #####.....   95%         7    None
 Ignition                 Fire           #####.....   100%        8    ####...
 Shatter                  Erth           #####.....   100%        9    #####..


Dungeon Overview and Level Annotations

Branches:
Dungeon (15/15)            Temple (1/1) D:4            Lair (6/6) D:11
  Swamp (4/4) Lair:3       Spider (4/4) Lair:2        Slime (5/5) Lair:6
    Orc (2/2) D:9             Elf (3/3) Orc:2        Vaults (5/5) D:13
  Crypt (0/3) Vaults:2     Depths (5/5) D:15            Zot (5/5) Depths:5

Altars:
Ashenzari
Cheibriados
Dithmenos
Elyvilon
Fedhas
Gozag
Hepliaklqana
Kikubaaqudgha
Makhleb
Nemelex Xobeh
Okawaru
Qazlal
Ru
Sif Muna
Trog
Uskayaw
Vehumet
Wu Jian
Xom
Yredelemnul
Zin
The Shining One
Beogh
Jiyva

Shops:
D:9 [   D:12 =([*   D:14 (   Orc:1 *   Orc:2 }:[*   Elf:2 [   Vaults:4 [
Depths:2 =}==   Depths:5 =[[

Portals:
Hell: Depths:1 Depths:2 Depths:3 Depths:4 Depths:5
Abyss: Depths:4*
Pandemonium: Depths:1 Depths:3
Ziggurat: Depths:3

Annotations:
Slime:2 exclusion: upstairs
Elf:1 exclusion: downstairs
Depths:5 Mennas


Innate Abilities, Weirdness & Mutations

You are very small and have problems with some larger weapons.
You are too small for most types of armour.
You have supernaturally acute eyesight. (SInv)
You are a herbivore.
You cover ground extremely quickly.
You need to consume almost no food.
You possess an exceptional clarity of mind.
You are resistant to hostile enchantments. (MR+)
You occasionally shout uncontrollably at your foes.
You do not regenerate when monsters are visible.
You evolve.


Message History

Your storm dragon closely misses the Orb Guardian.
Your storm dragon claws the Orb Guardian.
Your storm dragon tramples the Orb Guardian.
The Orb Guardian holds its ground!
The Orb Guardian avoids a huge, swinging blade.
Your red draconian zombie hits the Orb Guardian with a trident of protection!
The Orb Guardian hits your storm dragon.
Your storm dragon breathes lightning at the Orb Guardian.
The bolt of lightning hits the Orb Guardian.
The Orb Guardian dies!
Qazlal accepts your kill.
You feel less protected from physical attacks.
You feel a bit more experienced.
The Orb Guardian is engulfed in blazing flames.
The Orb Guardian hits you!!!
* * * LOW HITPOINT WARNING * * *
You feel much better.
Your storm dragon dissolves into shadows!
The Orb Guardian hits you!!!
You die...

***** ▓.................,,,,,,,*
,.X,**▓.....(.............,,,,,*
,....*▓....................,,,**
,.....▓.§§..................,**
,...X..X§)..§...§...........▓*
,.....▓w§..Z.................▓*
,...,*▓.*....X§§..............▓*
,.,,**▓...§.^X§..§.............*
***** #......§XX@..............*
##........§.............▓*
##▓....§§§(...........▓*
▓▓▓▓...............▓*
#▓▓▓▓▓▓▓▓▓▓▓##)^...▓▓
###...................##
##..Z.##....)^....^.....#*
######...###..................#*
......Z.###..........^....(....*


You could see 4 Orb Guardians and a friendly red draconian zombie.

Vanquished Creatures
  the Royal Jelly (Slime:5)
  6 orbs of fire
  Mennas (Depths:5)
  2 ancient liches (Zot:5)
  4 juggernauts
  The ghost of Narhacs the Slayer, an adept OgBe of Trog (Depths:3)
  Xtahua (Vaults:2)
  Saint Roka (Elf:2)
  2 Killer Klowns (Zot:5)
  A caustic shrike (Depths:3)
  A curse toe (Zot:4)
  11 golden dragons
  the Enchantress (Depths:3)
  15 tentacled monstrosities
  Jorgrun (Spider:3)
  2 liches
  8 Orb Guardians (Zot:5)
  2 deep elf blademasters
  A deep elf master archer (Elf:3)
  23 acid blobs
  6 titans
  8 quicksilver dragons
  7 sphinxes
  6 death cobs
  An eldritch tentacle (Zot:5)
  Agnes (Spider:1)
  3 thorn hunters (Swamp:4)
  16 storm dragons
  9 tengu reavers
  17 azure jellies
  Kirke (D:12)
  8 shadow dragons
  3 draconian monks
  A daeva (Depths:4)
  6 fire giants
  An iron dragon (Depths:3)
  12 vault wardens
  4 deep elf sorcerers
  5 ghost moths
  10 frost giants
  7 draconian knights
  5 draconian scorchers
  5 emperor scorpions
  2 draconian shifters
  4 deep elf elementalists
  An orc warlord (Depths:1)
  4 draconian stormcallers
  3 spriggan defenders (Depths:3)
  26 stone giants
  4 draconian annihilators
  An angel (Depths:4)
  3 entropy weavers
  18 very ugly things
  A reaper (Depths:1)
  2 war gargoyles (Vaults:5)
  13 ironheart preservers
  A dire elephant (Lair:6)
  3 vampire knights
  10 green draconians
  13 purple draconians
  Azrael (D:12)
  12 deep elf demonologists
  7 white draconians
  12 deep elf annihilators
  4 yellow draconians
  10 spark wasps
  12 red draconians
  The ghost of heinrich the Brawler, a journeyman TrMo of Ru (D:13)
  2 merfolk javelineers
  7 black draconians
  Snorg (Lair:4)
  13 death oozes
  5 deep elf high priests
  A green death (Depths:1)
  11 ettins
  A mummy priest (Depths:3)
  Josephine (Orc:1)
  A jiangshi (Vaults:2)
  3 deep elf death magi
  19 yaktaur captains
  8 fire dragons
  9 great orbs of eyes
  30 vault guards
  Erolcha (Orc:2)
  A rakshasa (Depths:3)
  Harold (Orc:1)
  3 ghost crabs
  3 shambling mangroves
  A death knight (Vaults:4)
  10 ice dragons
  27 hydras
  3 spriggan air magi (Depths:3)
  Erica (D:10)
  18 centaur warriors
  28 dancing weapons
  A catoblepas (Lair:6)
  27 two-headed ogres
  5 death yaks
  The ghost of Zleub the Spear-Bearer, a novice DrSk of Okawaru (D:10)
  16 alligators
  13 ogre magi
  6 tengu warriors
  11 deep troll shamans
  8 deep troll earth magi
  3 vampire magi
  3 hell knights (Depths:4)
  6 spriggan berserkers
  A soul eater (Depths:1)
  Sonja (D:10)
  2 shadow wraiths
  6 orc high priests
  2 skeletal warriors
  5 iron trolls
  20 deep elf knights
  4 wizards
  2 unseen horrors
  26 deep elf archers
  2 spriggan druids (Swamp:4)
  4 flayed ghosts
  20 deep trolls
  A deep troll (shapeshifter) (Vaults:5)
  5 glowing orange brains
  23 orc knights
  10 swamp dragons
  4 harpies (Vaults:4)
  16 ironbrand convokers
  An orange crystal statue (Depths:3)
  5 phantasmal warriors
  A tengu zombie (D:15)
  An orb spider (shapeshifter) (Depths:1)
  5 necromancers
  4 lindwurms
  28 wolf spiders
  11 orb spiders
  A harpy (shapeshifter) (Depths:3)
  22 ugly things
  A frost giant zombie (D:15)
  63 deep elf magi
  A salamander (shapeshifter) (D:15)
  20 moths of wrath
  3 orc sorcerers
  4 manticores
  The ghost of cultivahabas the Grappler, a novice TrMo of Qazlal (D:6)
  2 shining eyes
  4 black mambas
  2 guardian serpents (shapeshifter)
  3 elephants
  3 eyes of devastation
  11 vault sentinels
  An eye of devastation (shapeshifter) (Vaults:4)
  3 gargoyles
  A large abomination (Depths:1)
  12 spiny frogs
  5 torpor snails
  A spriggan skeleton (D:15)
  6 freezing wraiths
  5 spectral swamp worms (Depths:5)
  54 yaktaurs
  2 redback zombies
  3 kobold demonologists
  5 rime drakes
  9 demonic crawlers
  A guardian mummy (D:15)
  A harpy zombie (D:15)
  5 komodo dragons
  2 tengu conjurers
  12 trolls
  41 hornets
  16 polar bears
  A meliai (shapeshifter) (Depths:2)
  A queen bee (D:10)
  A troll (shapeshifter) (Vaults:4)
  16 blink frogs
  26 jumping spiders
  106 slime creatures
  2 wind drakes (shapeshifter)
  6 bog bodies
  A dream sheep (Lair:2)
  A dream sheep (shapeshifter) (Vaults:5)
  10 tyrant leeches
  11 hippogriffs
  A hippogriff (shapeshifter) (Vaults:5)
  An ettin skeleton (D:15)
  A redback (shapeshifter) (Vaults:5)
  18 tarantellas
  38 redbacks
  16 spriggans
  A vampire (D:13)
  5 hogs (D:12)
  22 water elementals
  60 yaks
  A shadow (Swamp:3)
  6 wraiths
  6 wyverns
  2 basilisks
  Eustachio (D:4)
  19 humans
  6 fire elementals
  4 hungry ghosts
  26 vampire mosquitoes
  5 golden eyes
  A chaos spawn (Depths:1)
  6 wargs
  A swamp worm (shapeshifter) (Vaults:5)
  16 swamp worms
  11 insubstantial wisps
  An acid dragon (D:11)
  11 water moccasins
  A floating eye (shapeshifter) (Vaults:3)
  2 hell hounds
  3 porcupines
  8 swamp drakes
  A porcupine (shapeshifter) (Depths:1)
  36 orc warriors
  6 sky beasts
  13 ice beasts
  A sky beast (shapeshifter) (Vaults:5)
  5 phantoms
  A boggart (shapeshifter) (Vaults:4)
  2 black bears
  A necrophage (D:9)
  20 boggarts
  17 wolves
  32 ogres
  9 eyes of draining
  28 centaurs
  15 crocodiles
  11 big kobolds
  16 bullfrogs
  A wyvern zombie (D:13)
  A gnoll sergeant (D:12)
  A scorpion (Depths:1)
  A troll zombie (Ossuary)
  17 killer bees
  14 wights
  2 howler monkeys
  12 electric eels
  7 crimson imps
  5 centaur zombies
  A bullfrog zombie (D:13)
  A quasit (Depths:1)
  24 orc priests
  3 centaur skeletons
  9 hounds
  3 bullfrog skeletons
  5 jellies
  A small abomination (Depths:1)
  4 iguanas
  28 orc wizards
  A hell rat (Depths:1)
  7 worker ants
  4 ogre zombies
  7 mummies (Ossuary)
  A worker ant zombie (D:7)
  11 adders
  9 gnolls
  8 shadow imps
  2 oozes
  7 adder zombies
  2 adder skeletons
  2 worms
  4 dart slugs
  7 leopard geckos
  80 orcs
  12 bats
  10 giant cockroaches
  A gnoll zombie (Ossuary)
  7 goblins
  12 hobgoblins
  10 jackals
  4 quokkas
  3 frilled lizards
  A frilled lizard (shapeshifter) (Vaults:4)
  3 goblin zombies (Ossuary)
  6 hobgoblin zombies (Ossuary)
  A jackal zombie (D:7)
  10 kobolds
  6 kobold zombies (Ossuary)
  2 quokka zombies
  5 rats
  2 rat zombies (Ossuary)
  15 briar patches (Swamp:4)
  2 fungi (Depths:3)
  A plant (Lair:6)
2341 creatures vanquished.

Vanquished Creatures (collateral kills)
  2 orbs of fire (Zot:5)
  2 ancient liches (Zot:5)
  A curse toe (Zot:5)
  2 golden dragons (Zot:5)
  A Killer Klown (Zot:5)
  3 electric golems (Zot:5)
  4 tentacled monstrosities
  5 Orb Guardians (Zot:5)
  A deep elf blademaster (Elf:2)
  A deep elf master archer (Elf:3)
  2 quicksilver dragons
  An eldritch tentacle (Zot:5)
  5 death cobs
  3 acid blobs
  A sphinx (Depths:3)
  3 tengu reavers
  A deep elf sorcerer (Elf:3)
  2 fire giants
  2 orc warlords
  A vault warden (Vaults:2)
  3 emperor scorpions
  3 deep elf elementalists
  5 stone giants
  A very ugly thing (Depths:4)
  2 entropy weavers
  An entropy weaver (shapeshifter) (Vaults:3)
  3 ironheart preservers (Vaults:4)
  2 green draconians (Zot:5)
  A black draconian (Zot:5)
  2 red draconians
  2 white draconians
  2 deep elf annihilators (Elf:3)
  5 purple draconians
  A deep elf death mage (Elf:3)
  2 yellow draconians
  An ettin (Depths:3)
  An ogre mage (Vaults:1)
  A deep elf high priest (Elf:2)
  A death ooze (Slime:5)
  2 great orbs of eyes
  A fire dragon (Depths:5)
  3 yaktaur captains (Vaults:5)
  A vault guard (Vaults:2)
  2 rakshasas
  2 hydras
  2 catoblepae
  A centaur warrior (Depths:3)
  5 alligators
  12 two-headed ogres
  A death yak (Lair:6)
  3 deep troll earth magi
  An orc high priest (Orc:2)
  A spriggan berserker (Depths:2)
  A deep elf knight (Elf:1)
  A swamp dragon (Swamp:1)
  5 deep trolls
  3 deep elf archers
  2 lindwurms
  4 orc knights
  5 ball lightnings
  5 orb spiders
  9 wolf spiders
  4 ugly things
  6 deep elf magi
  4 shining eyes
  2 orc sorcerers (Orc:2)
  2 manticores (Lair:6)
  4 elephants
  2 vault sentinels
  3 moths of wrath
  3 spiny frogs
  3 torpor snails
  4 yaktaurs
  A komodo dragon (Lair:3)
  A rime drake (Lair:6)
  A demonic crawler (Spider:1)
  A polar bear (Lair:5)
  7 jumping spiders
  7 tyrant leeches
  3 hornets
  21 slime creatures
  2 dream sheep (Lair:6)
  3 blink frogs
  2 tarantellas
  15 redbacks
  A wraith (Orc:1)
  12 yaks
  2 swamp worms
  A warg (Elf:2)
  3 porcupines
  6 orc warriors
  A swamp drake (Swamp:4)
  An eye of draining (Slime:2)
  4 ogres
  A crocodile (Lair:4)
  A bullfrog (Lair:5)
  An electric eel (Spider:1)
  A hound (Lair:2)
  A yaktaur simulacrum (Vaults:1)
  2 orc priests (Orc:2)
  A hell rat (Lair:6)
  An orc (Vaults:1)
  A fungus (Lair:5)
296 creatures vanquished.

Vanquished Creatures (others)
  A golden dragon (Zot:2)
  2 Orb Guardians (Zot:5)
  7 eldritch tentacles (Zot:5)
  A storm dragon (Vaults:5)
  A tengu reaver (Vaults:5)
  A war gargoyle (Vaults:5)
  A stone giant (Vaults:5)
  A red draconian (Zot:2)
  A minotaur (Lab)
  2 yaktaur captains (Vaults:5)
  2 centaur warriors (D:15)
  759 ball lightnings
  A deep elf mage (Elf:2)
  2 cyclopes
  A vault sentinel (Vaults:5)
  A polar bear (IceCv)
  3 hornets
  4 dream sheep (Lair:2)
  A spriggan (Swamp:1)
  A water elemental (Elf:1)
  An orc warrior (Elf:2)
  3 ogres
  2 wolves (IceCv)
  8 centaurs
  An orc priest (Vaults:5)
  A worker ant (D:12)
  A gnoll (D:13)
  2 orcs
  A kobold (D:13)
  5 briar patches (Swamp:4)
  19 fungi
  17 plants
  8 withered plants (D:15)
862 creatures vanquished.

Grand Total: 3499 creatures vanquished

Notes
Turn   | Place    | Note
-------+----------+-------------------------------------------
     0 | D:1      | iamserjio the Spriggan Air Elementalist began the quest for
                  | the Orb.
     0 | D:1      | Reached XP level 1. HP: 9/9 MP: 5/5
   382 | D:1      | Reached XP level 2. HP: 13/13 MP: 0/6
   701 | D:1      | Reached skill level 1 in Conjurations
  1056 | D:1      | Reached XP level 3. HP: 16/16 MP: 1/8
  2796 | D:2      | Reached XP level 4. HP: 16/21 MP: 0/10
  3162 | D:2      | Learned a level 4 spell: Airstrike
  3310 | D:3      | Reached skill level 4 in Dodging
  3348 | D:3      | Found a radiant altar of Vehumet.
  4038 | D:4      | Reached XP level 5. HP: 14/24 MP: 4/11
  4187 | D:4      | Found a staircase to the Ecumenical Temple.
  4223 | Temple   | Entered the Ecumenical Temple
  4523 | D:4      | Found a hazy altar of Hepliaklqana.
  4613 | D:4      | Noticed a fire elemental
  4616 | D:4      | Noticed an ogre
  4705 | D:4      | Killed an ogre
  4712 | D:4      | Learned a level 5 spell: Lightning Bolt
  4865 | D:4      | Noticed Eustachio
  4874 | D:4      | Reached XP level 6. HP: 28/28 MP: 6/13
  5049 | D:4      | Killed Eustachio
  5049 | D:4      | Reached skill level 5 in Dodging
  5049 | D:4      | Reached skill level 5 in Air Magic
  5204 | D:4      | Found a stormy altar of Qazlal.
  5205 | D:4      | Noticed an air elemental
  5205 | D:4      | Noticed a water elemental
  5328 | D:4      | Became a worshipper of Qazlal Stormbringer
  5426 | D:4      | Learned a level 3 spell: Static Discharge
  5427 | D:5      | Entered Level 5 of the Dungeon
  5503 | D:5      | Reached XP level 7. HP: 28/32 MP: 2/14
  5538 | D:5      | Found an ornate altar of the Wu Jian Council.
  5683 | D:5      | Found a sand-covered staircase.
  5696 | Ossuary  | Entered an ossuary
  5868 | Ossuary  | Reached skill level 6 in Dodging
  6139 | Ossuary  | Reached * piety under Qazlal
  6777 | Ossuary  | Reached skill level 1 in Fighting
  6961 | D:5      | Reached skill level 5 in Spellcasting
  7396 | D:5      | Noticed a wyvern
  7400 | D:5      | Killed a wyvern
  7400 | D:5      | Reached skill level 7 in Dodging
  7400 | D:5      | Reached XP level 8. HP: 39/39 MP: 6/17
  8332 | D:6      | Reached ** piety under Qazlal
  8949 | D:6      | Reached skill level 8 in Dodging
  9302 | D:6      | Found a runed gate.
  9302 | D:6      | Found a runed gate.
  9303 | D:6      | Found a runed gate.
  9303 | D:6      | Noticed cultivahabas's ghost (novice TrMo)
  9304 | D:6      | Noticed a kobold demonologist
  9509 | D:6      | Got an iridescent short sword {flame}
  9604 | D:6      | Identified the +2 short sword "Jose" {flame, rN++ Dex-2
                  | SInv} (You took it off a crimson imp on level 6 of the
                  | Dungeon)
  9952 | D:7      | Found a white marble altar of Elyvilon.
  9960 | D:7      | Reached XP level 9. HP: 42/42 MP: 14/22
 10504 | D:7      | Got a glittering pewter ring
 10654 | D:7      | Reached skill level 9 in Dodging
 10816 | D:7      | Reached *** piety under Qazlal
 10842 | D:7      | Found a shadowy altar of Dithmenos.
 11024 | D:7      | Reached skill level 1 in Invocations
 11255 | D:7      | Identified the ring of Hakufil {+Fly rF+ rC+ MP+9} (You
                  | found it on level 7 of the Dungeon)
 11315 | D:8      | Reached skill level 10 in Spellcasting
 11605 | D:8      | Reached skill level 10 in Dodging
 11841 | D:8      | Reached XP level 10. HP: 34/47 MP: 21/25
 11866 | D:8      | Found an iron altar of Okawaru.
 11985 | D:8      | Noticed a two-headed ogre
 12000 | D:8      | Killed a two-headed ogre
 12241 | D:8      | Found a shattered altar of Ashenzari.
 12444 | D:8      | Reached **** piety under Qazlal
 13440 | D:9      | Reached skill level 11 in Dodging
 13582 | D:9      | Found Exoeruc's Armour Shop.
 13582 | D:9      | Found a staircase to the Orcish Mines.
 13611 | D:9      | Found a glowing silver altar of Zin.
 13611 | D:9      | Found a shimmering altar of Xom.
 13611 | D:9      | Noticed an angel
 13944 | D:10     | Entered Level 10 of the Dungeon
 13953 | D:10     | Noticed Erica
 14183 | D:10     | Noticed a two-headed ogre
 14210 | D:9      | Killed a two-headed ogre
 14469 | D:10     | Noticed a two-headed ogre
 14480 | D:10     | Killed a two-headed ogre
 14480 | D:10     | Reached skill level 1 in Evocations
 14480 | D:10     | Reached XP level 11. HP: 38/53 MP: 18/28
 14967 | D:10     | Noticed Sonja
 14975 | D:10     | Killed Sonja
 15428 | D:10     | Found a large runed door.
 15428 | D:10     | Found a large runed door.
 15431 | D:10     | Noticed Zleub's ghost (novice DrSk)
 15698 | D:10     | Killed Erica
 15698 | D:10     | Reached skill level 12 in Dodging
 16150 | D:11     | Reached ***** piety under Qazlal
 16151 | D:11     | Reached skill level 5 in Fighting
 16176 | D:11     | Found a labyrinth entrance.
 16187 | Lab      | Entered a labyrinth
 16592 | Lab      | Learned a level 2 spell: Swiftness
 16683 | Lab      | Noticed a minotaur
 16880 | Lab      | Killed a minotaur
 16886 | Lab      | Found the +7 captain's cutlass {speed, disarm}
 16949 | Lab      | Got an ichor-stained dagger
 16951 | Lab      | Identified the +5 dagger of Byec Yhu {pierce, rElec Int+4}
                  | (You found it in a labyrinth)
 17047 | D:11     | Noticed a four-headed hydra
 17077 | D:11     | Killed a four-headed hydra
 18053 | D:11     | Found a staircase to the Lair.
 18797 | D:6      | Reached skill level 13 in Dodging
 18801 | D:6      | Killed cultivahabas's ghost
 19161 | D:12     | Noticed a two-headed ogre
 19177 | D:11     | Killed a two-headed ogre
 19177 | D:11     | Reached XP level 12. HP: 61/61 MP: 21/29
 19349 | D:12     | Noticed Azrael
 19564 | D:12     | Reached skill level 14 in Dodging
 19656 | D:12     | Found Wagga's General Store.
 19656 | D:12     | Found Tust's Antique Weapon Shop.
 19656 | D:12     | Found Usisedac's Antique Armour Shop.
 19656 | D:12     | Found Rygoav's Jewellery Shop.
 19707 | D:12     | Bought a scroll of identify for 28 gold pieces
 19707 | D:12     | Bought a potion of brilliance for 56 gold pieces
 19868 | D:12     | Noticed Kirke
 20029 | D:12     | Reached skill level 10 in Air Magic
 20664 | D:12     | Killed Kirke
 20664 | D:12     | Reached skill level 5 in Evocations
 20829 | D:12     | Found Wagga's General Store.
 20831 | D:12     | Found Usisedac's Antique Armour Shop.
 20833 | D:12     | Found Tust's Antique Weapon Shop.
 20834 | D:12     | Found Rygoav's Jewellery Shop.
 21000 | D:12     | Killed Azrael
 21177 | D:13     | Noticed a centaur warrior
 21776 | D:13     | Killed a centaur warrior
 21872 | D:12     | You fall through a shaft!
 22698 | D:13     | Reached skill level 5 in Conjurations
 22832 | D:13     | Reached XP level 13. HP: 64/68 MP: 22/30
 23225 | D:13     | Reached skill level 15 in Dodging
 23652 | D:13     | Reached skill level 16 in Dodging
 23850 | D:13     | Found a gate to the Vaults.
 23950 | D:13     | Found a runed gate.
 23950 | D:13     | Found a runed gate.
 23950 | D:13     | Found a runed gate.
 23952 | D:13     | Noticed heinrich's ghost (journeyman TrMo)
 24839 | D:14     | Found Elim's Weapon Shop.
 26175 | D:15     | Entered Level 15 of the Dungeon
 27382 | D:15     | Reached XP level 14. HP: 75/75 MP: 1/32
 27745 | D:15     | Noticed a red very ugly thing
 27754 | D:15     | Killed a red very ugly thing
 27832 | D:15     | Reached ****** piety under Qazlal
 29631 | D:15     | Reached skill level 10 in Fighting
 29915 | D:15     | Found a staircase to the Depths.
 30135 | D:15     | Found a glowing silver altar of Zin.
 30136 | D:15     | Noticed an angel
 30173 | D:14     | Learned a level 4 spell: Summon Lightning Spire
 30277 | D:13     | Killed heinrich's ghost
 30520 | D:10     | Killed Zleub's ghost
 30520 | D:10     | Reached skill level 1 in Summonings
 30595 | Orc:1    | Entered Level 1 of the Orcish Mines
 30596 | Orc:1    | Noticed Harold
 30601 | Orc:1    | Found a dark tunnel.
 30605 | Volcano  | Entered a volcano
 30841 | Orc:1    | Killed Harold
 31080 | Orc:1    | Found a roughly hewn altar of Beogh.
 31086 | Orc:1    | Noticed Josephine
 31117 | Orc:1    | Killed Josephine
 31510 | Orc:1    | Found Nohaehe's Assorted Antiques.
 31518 | Orc:1    | Bought a scroll of teleportation for 99 gold pieces
 31518 | Orc:1    | Bought a fluorescent wand for 132 gold pieces
 31937 | Orc:2    | Entered Level 2 of the Orcish Mines
 31937 | Orc:2    | Noticed Erolcha
 31942 | Orc:2    | Killed Erolcha
 32000 | Orc:2    | Found a staircase to the Elven Halls.
 32007 | Orc:2    | Found a frozen archway.
 32007 | Orc:2    | Noticed an orc warlord
 32010 | IceCv    | Entered an ice cave
 32554 | IceCv    | Got a jewelled flail
 32937 | IceCv    | Identified the +2 flail of Foadin {drain, rPois rC+ Str+6
                  | Dex-5} (You found it in an ice cave)
 33116 | IceCv    | Reached XP level 15. HP: 83/83 MP: 31/34
 33850 | IceCv    | Noticed a frost giant
 33869 | IceCv    | Killed a frost giant
 34959 | Orc:1    | Killed an orc warlord
 35888 | Orc:2    | Found Ewuthro's General Store.
 35892 | Orc:2    | Found Banips's Book Emporium.
 36083 | Orc:2    | Found Ehyesedime's Gadget Emporium.
 36095 | Orc:2    | Found Lelor's Armour Boutique.
 36553 | D:12     | Bought a ration for 70 gold pieces
 36553 | D:12     | Bought a ration for 70 gold pieces
 36553 | D:12     | Bought a ration for 70 gold pieces
 36752 | Elf:1    | Entered Level 1 of the Elven Halls
 37078 | Elf:1    | Noticed a deep elf sorcerer
 37097 | Elf:1    | Killed a deep elf sorcerer
 37596 | Elf:1    | Found an ancient bone altar of Kikubaaqudgha.
 40326 | Elf:2    | Reached XP level 16. HP: 83/88 MP: 28/35
 42234 | Elf:1    | Reached skill level 17 in Dodging
 42347 | Elf:2    | Identified a scroll of acquirement
 42508 | Elf:2    | Found a runed gate.
 42508 | Elf:2    | Found a runed gate.
 42989 | Elf:2    | Noticed Saint Roka
 42990 | Elf:2    | Reached skill level 15 in Spellcasting
 42990 | Elf:2    | Reached skill level 15 in Air Magic
 43236 | Elf:2    | Killed Saint Roka
 43556 | Elf:2    | Found a runed gate.
 43722 | Elf:2    | Found Nouz Qo Oph's Antique Armour Shop.
 43985 | Elf:2    | Bought a glowing scarf for 216 gold pieces
 44013 | Elf:3    | Entered Level 3 of the Elven Halls
 44875 | Elf:3    | Reached skill level 18 in Dodging
 45900 | Elf:3    | Noticed a deep elf master archer
 45904 | Elf:3    | Killed a deep elf master archer
 46677 | Elf:3    | Noticed a Brimstone Fiend
 47016 | Elf:3    | Reached XP level 17. HP: 93/93 MP: 31/38
 47120 | Elf:3    | Noticed a deep elf master archer
 47126 | Elf:3    | Killed a deep elf master archer
 47151 | Elf:3    | Noticed a deep elf blademaster
 47331 | Elf:3    | Killed a deep elf blademaster
 47827 | Elf:3    | Found the +7 great mace "Firestarter" {inner flame, rF++}
 47948 | Elf:3    | Found the +0 Maxwell's etheric cage {RegenMP+ *Contam rElec
                  | MP+4}
 47950 | Elf:3    | Found the +5 pair of quick blades "Gyre" and "Gimble"
                  | {pierce, Dex-3}
 48085 | Elf:3    | Got a crude hunting sling
 48104 | Elf:3    | Identified the +2 hunting sling of Joyful Slaughter {flame,
                  | rN+ Int+2} (You found it on level 3 of the Elven Halls)
 48132 | Elf:3    | Got a transparent wooden ring
 48133 | Elf:3    | Identified the ring "Hahasit" {rCorr rElec rPois Dex-2
                  | Slay+4} (You took it off a deep elf death mage on level 3
                  | of the Elven Halls)
 48759 | Elf:2    | Noticed a deep elf blademaster
 48796 | Elf:2    | Killed a deep elf blademaster
 50184 | D:9      | Bought a +0 buckler for 63 gold pieces
 50297 | Lair:1   | Entered Level 1 of the Lair of Beasts
 52378 | Lair:2   | Found a hole to the Spider Nest.
 52667 | Lair:2   | Found a shimmering altar of Xom.
 52903 | Lair:3   | Reached skill level 1 in Short Blades
 53153 | Lair:3   | Found a staircase to the Swamp.
 54105 | Lair:4   | Noticed Snorg
 54109 | Lair:4   | Killed Snorg
 55375 | Lair:6   | Entered Level 6 of the Lair of Beasts
 56692 | Lair:6   | Found a runed door.
 56727 | Lair:6   | Paralysed by a hornet for 2 turns
 57205 | Lair:6   | Found a viscous altar of Jiyva.
 57206 | Lair:6   | Found a staircase to the Slime Pits.
 57800 | Lair:6   | Reached XP level 18. HP: 102/102 MP: 14/39
 58337 | Lair:6   | Found the +6 shillelagh "Devastator" {shatter}
 58340 | Lair:6   | Identified the Catalogue of Ghastly Lightness
 58342 | Lair:6   | Identified Cudwis's Guide on Transmigration
 58465 | Lair:6   | Learned a level 6 spell: Deflect Missiles
 58937 | Slime:1  | Entered Level 1 of the Pits of Slime
 62459 | Slime:2  | Reached skill level 1 in Slings
 63739 | Slime:3  | Reached skill level 5 in Invocations
 64532 | Slime:5  | Entered Level 5 of the Pits of Slime
 64837 | Slime:5  | Noticed the Royal Jelly
 64878 | Slime:5  | Gained mutation: You have large cloven feet. [a shining
                  | eye]
 68296 | Slime:5  | Reached skill level 10 in Evocations
 68296 | Slime:5  | Reached XP level 19. HP: 107/107 MP: 8/41
 69494 | Slime:5  | Killed the Royal Jelly
 69494 | Slime:5  | Reached skill level 15 in Fighting
 70471 | Slime:5  | Identified the Compendium of Supportive Shape Shifting
 70476 | Slime:5  | Got a pitted golden amulet
 70530 | Slime:5  | Got a slimy rune of Zot
 70533 | Slime:5  | Identified the amulet "Taycasoe" {+Rage rElec MR+ Str+2}
                  | (You found it on level 5 of the Pits of Slime)
 70577 | Slime:5  | Identified the Reference Book on Intoxication and Lightness
 70594 | Slime:5  | Learned a level 3 spell: Ozocubu's Armour
 70601 | Slime:5  | Learned a level 6 spell: Conjure Ball Lightning
 70604 | Slime:5  | Learned a level 2 spell: Passwall
 70841 | Swamp:1  | Entered Level 1 of the Swamp
 71184 | Swamp:1  | Found a transporter.
 71489 | Swamp:1  | Found a blossoming altar of Fedhas.
 75017 | Swamp:3  | Learned a level 4 spell: Animate Dead
 75021 | Swamp:3  | Learned a level 3 spell: Regeneration
 75028 | Swamp:3  | Learned a level 6 spell: Freezing Cloud
 75034 | Swamp:3  | Learned a level 5 spell: Silence
 75496 | Swamp:4  | Entered Level 4 of the Swamp
 75501 | Swamp:4  | Reached skill level 1 in Charms
 75749 | Swamp:4  | Reached skill level 1 in Necromancy
 77850 | Swamp:4  | Reached XP level 20. HP: 41/114 MP: 17/42
 78409 | Swamp:4  | Got a decaying rune of Zot
 79147 | Swamp:1  | Learned a level 5 spell: Fireball
 79623 | Swamp:1  | Found a transporter.
 80019 | Swamp:1  | Got a translucent steel ring
 80040 | Swamp:1  | Identified the ring "Koafuaba" {rCorr rF+ rN+ Dex-5} (You
                  | found it on level 1 of the Swamp)
 80047 | Swamp:1  | Got a slimy wooden ring
 80050 | Swamp:1  | Got a steaming lajatang
 80057 | Swamp:1  | Identified the +9 lajatang of Hotamaur {flame, rElec rN+
                  | MP-9 Stlth+} (You found it on level 1 of the Swamp)
 80060 | Swamp:1  | Identified the ring of Free Will {rN+ Str+2} (You found it
                  | on level 1 of the Swamp)
 80064 | Swamp:1  | Got a brightly glowing hand crossbow
 80066 | Swamp:1  | Identified the +6 hand crossbow "Felitt" {elec, rN++ Dex+2}
                  | (You found it on level 1 of the Swamp)
 80184 | Spider:1 | Entered Level 1 of the Spider Nest
 80201 | Spider:1 | Noticed Agnes
 80205 | Spider:1 | Killed Agnes
 83482 | Spider:3 | Noticed Jorgrun
 83944 | Spider:3 | Killed Jorgrun
 84642 | Spider:4 | Entered Level 4 of the Spider Nest
 88069 | Spider:4 | Got a gossamer rune of Zot
 88678 | Vaults:1 | Entered Level 1 of the Vaults
 89018 | D:13     | Upgraded the game from 0.23-a0-241-g3b46b07 to
                  | 0.23-a0-242-g2b5ca64
 89668 | Vaults:1 | Reached XP level 21. HP: 119/119 MP: 25/45
 91850 | Vaults:2 | Noticed Xtahua
 92897 | Vaults:2 | Reached skill level 1 in Ice Magic
 92913 | Vaults:2 | Killed Xtahua
 93471 | Vaults:2 | Found a staircase to the Crypt.
 97500 | Vaults:4 | Found an iron altar of Okawaru.
 98544 | Vaults:4 | Reached XP level 22. HP: 111/124 MP: 17/46
100144 | Vaults:4 | Found Watoe's Antique Armour Emporium.
100151 | Vaults:4 | Bought an embroidered hat for 196 gold pieces
100151 | Vaults:4 | Bought a pitted cloak for 266 gold pieces
100151 | Vaults:4 | Identified the +2 cloak of Knowledge {rF+ Stlth+} (You
                  | bought it in a shop on level 4 of the Vaults)
101787 | Orc:2    | Bought a potion of heal wounds for 85 gold pieces
101787 | Orc:2    | Bought a scroll of magic mapping for 59 gold pieces
101787 | Orc:2    | Bought a potion of agility for 68 gold pieces
101787 | Orc:2    | Bought a potion of curing for 51 gold pieces
101787 | Orc:2    | Bought a scroll of immolation for 59 gold pieces
101789 | Orc:2    | Bought a book of Dreams for 1200 gold pieces
102366 | Vaults:1 | Learned a level 9 spell: Tornado
102440 | Vaults:5 | Entered Level 5 of the Vaults
102443 | Vaults:5 | Reached skill level 1 in Earth Magic
103471 | Vaults:5 | Noticed a golden dragon
103473 | Vaults:5 | Reached skill level 19 in Dodging
103807 | Vaults:5 | Reached XP level 23. HP: 79/128 MP: 33/47
103888 | Vaults:5 | Reached skill level 5 in Summonings
104209 | Vaults:5 | Got a silver rune of Zot
104829 | Vaults:5 | Reached skill level 20 in Dodging
106660 | Vaults:2 | Learned a level 6 spell: Shadow Creatures
106830 | Depths:1 | Entered Level 1 of the Depths
107845 | Depths:1 | Identified the cursed +1 robe of the Kraken {rC+ Int+3
                  | Dex+7} (You found it on level 1 of the Depths)
108124 | Depths:1 | You fall through a shaft!
108463 | Depths:1 | Identified the -3 cloak of the Eagle {Dex+2} (You found it
                  | on level 1 of the Depths)
108479 | Depths:1 | Found an iron altar of Okawaru.
108485 | Depths:1 | Reached XP level 24. HP: 136/136 MP: 41/48
108496 | Depths:1 | Found the +10 Black Knight's horse barding {ponderous,
                  | rPois rN+}
108648 | Depths:1 | Found a gateway to Hell.
108684 | Depths:1 | Found a one-way gate leading to the halls of Pandemonium.
108774 | Depths:1 | Found a runed gate.
108774 | Depths:1 | Found a runed gate.
108774 | Depths:1 | Found a runed gate.
109279 | Depths:1 | Learned a level 2 spell: Shroud of Golubria
109327 | Depths:2 | Noticed a juggernaut
109346 | Depths:2 | Killed a juggernaut
109615 | Depths:2 | Identified the ring "Liot" {*Tele rF++ MR+} (You found it
                  | on level 2 of the Depths)
109872 | Depths:2 | Found Natuoc's Jewellery Emporium.
109874 | Depths:2 | Found Omisism's Gadget Boutique.
109875 | Depths:2 | Found Gumefieb's Jewellery Emporium.
109890 | Depths:2 | Bought the ring "Loacicigg" {EV+3 Str+7 Int+4} for 970 gold
                  | pieces
109919 | Depths:2 | Found Uczaephu's Jewellery Emporium.
109927 | Depths:2 | Bought the ring of Bidghivo {Wiz rElec rF+++ rC- Str-4} for
                  | 1017 gold pieces
110327 | Depths:2 | Bought a box of beasts for 420 gold pieces
110732 | Depths:3 | Found a runed door.
110733 | Depths:3 | Noticed Narhacs's ghost (adept OgBe)
111151 | Depths:3 | Killed Narhacs's ghost
111687 | Depths:3 | Reached skill level 21 in Dodging
112131 | Depths:3 | Found a gateway to a ziggurat.
112410 | Depths:3 | Noticed the Enchantress
112419 | Depths:3 | Killed the Enchantress
112687 | Depths:3 | Got faerie dragon scales
112698 | Depths:3 | Identified the +1 faerie dragon scales {*Drain MR++ rCorr
                  | Int+3 Dex+4} (You took it off the Enchantress on level 3 of
                  | the Depths)
112772 | Depths:3 | Found a deep blue altar of Sif Muna.
112845 | Depths:3 | Identified the Tome of Summoning
113325 | Depths:3 | Reached skill level 10 in Conjurations
113983 | Depths:3 | Noticed a juggernaut
114034 | Depths:3 | Noticed a juggernaut
114041 | Depths:3 | Killed a juggernaut
114148 | Depths:3 | Killed a juggernaut
114148 | Depths:3 | Reached skill level 22 in Dodging
114172 | Depths:3 | Reached XP level 25. HP: 84/142 MP: 26/48
114332 | Depths:3 | Noticed a juggernaut
114344 | Depths:3 | Killed a juggernaut
114784 | Depths:3 | Got a brightly glowing bronze ring
114790 | Depths:3 | Identified the ring "Soer" {rC++ MR+} (You took it off a
                  | tengu reaver on level 3 of the Depths)
115299 | Depths:4 | Reached skill level 1 in Armour
116473 | Depths:4 | Found a snail-covered altar of Cheibriados.
116669 | Depths:4 | Found a one-way gate to the infinite horrors of the Abyss.
116817 | Depths:5 | Entered Level 5 of the Depths
117215 | Depths:5 | Noticed Mennas
117248 | Depths:5 | Killed Mennas
117248 | Depths:5 | Reached skill level 15 in Evocations
117396 | Depths:5 | Found Ahiegeic's Armour Boutique.
117812 | Depths:5 | Found Jodiets's Antique Armour Boutique.
118180 | Depths:5 | Found a gate to the Realm of Zot.
118213 | Depths:5 | Found Ocajamp's Jewellery Emporium.
118391 | Depths:2 | Bought the ring "Ferualin" {+Blink Str+4} for 779 gold
                  | pieces
118441 | Depths:5 | Bought shiny swamp dragon scales for 1060 gold pieces
118543 | Depths:3 | Learned a level 5 spell: Dispel Undead
118545 | Depths:3 | Learned a level 1 spell: Summon Butterflies
118638 | Zot:1    | Entered Level 1 of the Realm of Zot
118653 | Zot:1    | Reached skill level 23 in Dodging
119026 | Zot:1    | Reached skill level 5 in Armour
119087 | Zot:1    | Got a transparent bone ring
119089 | Zot:1    | Identified the ring of Moodiness {rPois MR+ Int+4 Dex+3
                  | Slay+3} (You acquired it on level 1 of the Realm of Zot)
119455 | Zot:2    | Reached XP level 26. HP: 111/149 MP: 37/48
119757 | Zot:2    | Reached skill level 5 in Necromancy
120865 | Zot:2    | You fall through a shaft!
122362 | Zot:3    | Identified Fukal's Grimoire of Unholy Cold
122676 | Zot:4    | Reached skill level 5 in Slings
122984 | Zot:4    | Noticed an orb of fire
122989 | Zot:4    | Gained mutation: You occasionally shout uncontrollably at
                  | your foes. [an orb of fire]
122997 | Zot:4    | Gained mutation: Your magical capacity is low. (-10% MP)
                  | [an orb of fire]
123014 | Zot:4    | Gained mutation: Your magical capacity is very low. (-20%
                  | MP) [an orb of fire]
123016 | Zot:4    | Killed an orb of fire
123045 | Zot:4    | Reached skill level 5 in Translocations
123442 | Depths:2 | Bought a wand of iceblast (8) for 252 gold pieces
123451 | Depths:2 | Learned a level 7 spell: Malign Gateway
124506 | Zot:5    | Entered Level 5 of the Realm of Zot
124509 | Zot:5    | Identified the ring of Jojor {rN+ EV+2} (You acquired it on
                  | level 5 of the Realm of Zot)
124536 | Zot:5    | Reached skill level 10 in Translocations
124536 | Zot:5    | Reached XP level 27. HP: 94/154 MP: 22/38
124709 | Zot:5    | Noticed an orb of fire
125327 | Zot:5    | Killed an orb of fire
125445 | Zot:5    | Noticed an orb of fire
125446 | Zot:5    | Noticed an orb of fire
125454 | Zot:5    | Noticed an orb of fire
125463 | Zot:5    | Gained mutation: Your magical capacity is extremely low.
                  | (-30% MP) [an orb of fire]
125464 | Zot:5    | Gained mutation: Your body sometimes deteriorates upon
                  | taking damage. [an orb of fire]
125465 | Zot:5    | Gained mutation: You are weak. (Str -2) [an orb of fire]
125468 | Zot:5    | Gained mutation: Your spells are a little easier to cast,
                  | but a little less powerful. [an orb of fire]
125469 | Zot:5    | Killed an orb of fire
125469 | Zot:5    | Killed an orb of fire
125469 | Zot:5    | Gained mutation: Your spells are easier to cast, but less
                  | powerful. [an orb of fire]
125470 | Zot:5    | Killed an orb of fire
125639 | Zot:5    | Noticed an orb of fire
125666 | Zot:5    | Killed an orb of fire
125825 | Zot:5    | Noticed an orb of fire
125835 | Zot:5    | Gained mutation: You are occasionally teleported next to
                  | monsters. [an orb of fire]
125843 | Zot:5    | Killed an orb of fire
126075 | Zot:5    | Noticed an ancient lich
126089 | Zot:5    | Killed an ancient lich
126130 | Zot:5    | Noticed an orb of fire
126130 | Zot:5    | Gained mutation: You sometimes yell uncontrollably at your
                  | foes. [an orb of fire]
126131 | Zot:5    | Lost mutation: You are weak. (Str -2) [an orb of fire]
126136 | Zot:5    | Gained mutation: Armour fits poorly on your strangely
                  | shaped body. [an orb of fire]
126138 | Zot:5    | Gained mutation: You are clumsy. (Dex -2) [an orb of fire]
126157 | Zot:5    | Killed an orb of fire
126165 | Zot:5    | Lost mutation: You have large cloven feet. [potion of
                  | mutation]
126165 | Zot:5    | Lost mutation: You sometimes yell uncontrollably at your
                  | foes. [potion of mutation]
126165 | Zot:5    | Lost mutation: You are clumsy. (Dex -2) [potion of
                  | mutation]
126165 | Zot:5    | Lost mutation: Your magical capacity is extremely low.
                  | (-30% MP) [potion of mutation]
126165 | Zot:5    | Gained mutation: You have a pair of small horns on your
                  | head. [potion of mutation]
126166 | Zot:5    | Lost mutation: You have a pair of small horns on your head.
                  | [potion of mutation]
126166 | Zot:5    | Lost mutation: Your magical capacity is very low. (-20% MP)
                  | [potion of mutation]
126166 | Zot:5    | Lost mutation: You occasionally shout uncontrollably at
                  | your foes. [potion of mutation]
126166 | Zot:5    | Gained mutation: Your mind is acute. (Int +2) [potion of
                  | mutation]
126166 | Zot:5    | Gained mutation: You have a somewhat thin skeletal
                  | structure. (Dex +2, Stealth) [potion of mutation]
126167 | Zot:5    | Lost mutation: Your magical capacity is low. (-10% MP)
                  | [potion of mutation]
126167 | Zot:5    | Lost mutation: Your spells are easier to cast, but less
                  | powerful. [potion of mutation]
126167 | Zot:5    | Lost mutation: Your body sometimes deteriorates upon taking
                  | damage. [potion of mutation]
126167 | Zot:5    | Lost mutation: Armour fits poorly on your strangely shaped
                  | body. [potion of mutation]
126167 | Zot:5    | Gained mutation: You do not regenerate when monsters are
                  | visible. [potion of mutation]
126167 | Zot:5    | Gained mutation: Your body sometimes deteriorates upon
                  | taking damage. [potion of mutation]
126167 | Zot:5    | Lost mutation: You have a somewhat thin skeletal structure.
                  | (Dex +2, Stealth) [potion of mutation]
126167 | Zot:5    | Gained mutation: Your mind is very acute. (Int +4) [potion
                  | of mutation]
126168 | Zot:5    | Lost mutation: Your mind is very acute. (Int +4) [potion of
                  | mutation]
126168 | Zot:5    | Lost mutation: Your spells are a little easier to cast, but
                  | a little less powerful. [potion of mutation]
126168 | Zot:5    | Lost mutation: Your mind is acute. (Int +2) [potion of
                  | mutation]
126168 | Zot:5    | Gained mutation: You are resistant to hostile enchantments.
                  | (MR+) [potion of mutation]
126168 | Zot:5    | Gained mutation: You are partially covered in slimy green
                  | scales. (AC +2) [potion of mutation]
126169 | Zot:5    | Lost mutation: Your body sometimes deteriorates upon taking
                  | damage. [potion of mutation]
126169 | Zot:5    | Lost mutation: You are partially covered in slimy green
                  | scales. (AC +2) [potion of mutation]
126169 | Zot:5    | Gained mutation: You possess an exceptional clarity of
                  | mind. [potion of mutation]
126169 | Zot:5    | Lost mutation: You are occasionally teleported next to
                  | monsters. [potion of mutation]
126169 | Zot:5    | Gained mutation: You occasionally shout uncontrollably at
                  | your foes. [potion of mutation]
126169 | Zot:5    | Gained mutation: You evolve. [potion of mutation]
126546 | Zot:5    | Noticed an ancient lich
126564 | Zot:5    | Killed an ancient lich
126575 | Zot:5    | Reached skill level 10 in Invocations
126618 | Zot:5    | Noticed an ancient lich
126626 | Zot:5    | Killed an ancient lich
126658 | Zot:5    | Noticed an ancient lich
126668 | Zot:5    | Killed an ancient lich
126718 | Zot:5    | Annihilated by an Orb Guardian

Vault maps used:
D:1:      dpeg_arrival_radiant, minmay_tree_intersection, minmay_misc_feat_chi
D:3:      vehumet_crystals, first_ration
D:4:      old_standard_altar, nicolae_qazlal_style_of_elements,
          minmay_temple_entry_trees, minmay_misc_feat_columns, uniq_eustachio
D:5:      cheibrodos_two_vegetables, kennysheep_mini_moat,
          nicolae_ossuary_entry_monument
D:6:      gammafunk_ghost_nasty_kobolds
D:7:      lemuel_round_altar, nicolae_dithmenos_through_a_glass_darkly
D:8:      lemuel_coloured_pillars_altar, lemuel_crystal_altar, minmay_orc_keep
D:9:      grunt_temple_overflow_order_and_chaos_1, orc_david_3
D:10:     ebering_ghost_disaster_area, david_nohive_1, uniq_erica, uniq_sonja
D:11:     erik_lair_dragon, lab_entry_generic, grunt_ministairs_8,
          grunt_decor_resistance
D:12:     minmay_shop_grid_forest, uniq_azrael, uniq_kirke
D:13:     grunt_vaults_entry_tiered, ebering_ghost_rock_garden,
          kennysheep_potato
D:14:     serial_shops, shop
D:15:     gammafunk_depths_entry_grave, zin_angel
Temple:   hc_temple_tempest_star
Lair:1:   serial_bayou_shore_b, grunt_megastairs_4, serial_bayou_shore_b,
          lemuel_fruit_fields
Lair:2:   beast_lair_carwin_large_1, spider_nest_entry_web_field,
          kb_xom_exploding_sheep
Lair:3:   minmay_swamp_entry_worms
Lair:4:   uniq_snorg
Lair:5:   minivault_27, grunt_megastairs_3, serial_bayou_shore_b
Lair:6:   wormcave, hangedman_lair_in_review, dpeg_slime_entry_enclosed_altar,
          serial_bayou_shore_b
Swamp:1:  gammafunk_its_a_trap, basic_altar
Swamp:2:  hangedman_swamp_cone
Swamp:3:  evilmike_swamp_ruin_wall
Swamp:4:  swamp_alternative, swamp_pool4
Spider:1: uniq_agnes
Spider:3: uniq_jorgrun
Spider:4: guppyfry_spider_rune
Slime:2:  cheibrodos_slime_lost_civilization_6
Orc:1:    nicolae_orc_accident_1, nicolae_volcano_entry_s_turn, serial_shops,
          shop, nicolae_orc_flooded_monolith, mines1_david, uniq_josephine,
          uniq_harold
Orc:2:    st_orc_elflike, portal_ice_cave_entry_ice_beasts, uniq_erolcha
Elf:1:    eino_elf_arrival_shootout, basic_altar, kennysheep_underground_church
Elf:2:    serial_shops, nicolae_shop_window_shopping, minmay_misc_feat_cross,
          uniq_saint_roka
Elf:3:    minmay_elf_hall_spiked, nicolae_elf_glass_and_crystal_pillar_2
Vaults:1: vaults_dpeg_doors, st_hourglassy, vaults_room_hallway, v_misc_9,
          nicolae_vaults_specimen_jars, ontoclasm_vaults_ring_large,
          nicolae_vaults_three_branches, nicolae_vaults_little_squares_1,
          portal_desolation_entry_nicolae_slug
Vaults:2: nicolae_vaults_inception_scallops, vaults_room_boxed,
          nicolae_vaults_mini_display_case, hangedman_vaults_trim, v_misc_14,
          v_misc_14, minmay_crypt_entry_simple_walls, ontoclasm_vaults_pinch,
          grunt_vaults_diagonal, ontoclasm_vaults_eye, v_misc_24,
          vaults_dpeg_encased_lava, dpeg_vaults_monster_box, uniq_xtahua
Vaults:3: hangedman_vaults_pinch, ontoclasm_vaults_decontamination,
          nicolae_vaults_little_ls, hangedman_vaults_corner_blocks,
          vaults_dpeg_cross, hangedman_vaults_capsules, st_lines,
          nicolae_vaults_angled_halls, vaults_room_pool,
          nicolae_vaults_rhombus_7
Vaults:4: v_alt_pattern_1, hangedman_vaults_stretched_pinwheel,
          ontoclasm_vaults_gateway, nicolae_vaults_triangles,
          nicolae_vaults_network_star, vaults_room_corners,
          ontoclasm_vaults_ring_square, nicolae_vaults_asterisk,
          nicolae_vaults_windows_and_doors_thing, vaults_room_fours,
          v_pattern_4, v_misc_24, vaults_room_pools, basic_altar, serial_shops,
          shop
Depths:1: evilmike_iron_armoury, grunt_decor_mini_mirrors,
          grunt_pan_entry_zigzag, pf_dread_powers_of_hell, pandoras_box_mu
Depths:2: minmay_the_grid_triangle_9x9_recursive_3_mashed, serial_shops, shop,
          hell_entry, infiniplex_staircase_river, minmay_shop_grove
Depths:3: gammafunk_depths_water_palace, enter_ziggurat_b,
          rand_demon_pan_entry_3, hell_entry, gammafunk_ghost_grave,
          kennysheep_small_spiral, hangedman_summoners_spam, uniq_enchantress
Depths:4: abrahamwl_protected_by_tso_1, cheibriados_altar_1,
          serial_column_ruins, column_ruins_portal_squares,
          column_ruins_square_medium, column_ruins_square_small,
          column_ruins_columns_straight, column_ruins_open_tiny,
          column_ruins_open_small, hell_entry, abyss_entry_crystal, spider_trap,
          kennysheep_generic_room_14
Depths:5: grunt_twist_and_shout, pf_hell_entry_tar_river, serial_shops, shop,
          shop, shop, uniq_mennas
Zot:2:    zot_minivault_4
Zot:4:    basic_stair_grate_trap
Lab:      labyrinth_hidden_loot
Ossuary:  ossuary_boxes_badplayer
IceCv:    ice_cave_caverns_03
Volcano:  volcano_caves

Skill      XL: |  1  2  3  4  5  6  7  8  9 10 11 12 13 14 15 16 17 18 19 20 21 22 23 24 25 26 27 |
---------------+----------------------------------------------------------------------------------+-----
Air Magic      | 3 4 5 6 7 8 9 11 12 14 16 17 19 21 22 | 22.2
Spellcasting   | 3 4 5 8 10 12 13 14 16 17 19 20 | 20.0
Conjurations   | 1 2 3 4 5 6 8 10 11 | 11.0
Dodging        | 4 5 7 8 10 11 13 14 16 18 19 20 22 23 | 23.6
Fighting       | 1 2 4 6 7 9 11 12 14 16 17 18 19 | 19.3
Invocations    | 2 3 6 7 9 10 | 10.3
Evocations     | 1 4 6 7 10 11 12 13 14 15 17 18 | 18.0
Summonings     | 1 4 8 |  8.0
Short Blades   | 2 |  2.0
Slings         | 2 4 5 8 |  8.4
Charms         | 1 |  1.0
Necromancy     | 2 4 8 |  8.0
Ice Magic      | 1 4 |  4.0
Earth Magic    | 1 |  1.0
Armour         | 5 7 8 |  8.0
Translocations | 10 13 | 13.4
Stealth        | |  3.0

Action                   |  1- 3 |  4- 6 |  7- 9 | 10-12 | 13-15 | 16-18 | 19-21 | 22-24 | 25-27 || total
-------------------------+-------+-------+-------+-------+-------+-------+-------+-------+-------++-------
Melee: Unarmed           |    11 |       |       |       |       |       |       |       |       ||    11
       Staff             |     7 |    10 |       |    13 |    35 |    38 |    50 |   122 |   246 ||   521
       Dagger            |       |       |    66 |     2 |       |       |       |       |       ||    68
       Cutlass           |       |       |       |    80 |   111 |    74 |       |       |       ||   265
       Pair of quick bla |       |       |       |       |       |   533 |   245 |       |       ||   778
       Kick              |       |       |       |       |       |    21 |    72 |    32 |   110 ||   235
 Fire: Fustibalus        |       |       |       |       |       |    14 |     3 |       |     8 ||    25
 Cast: Shock             |   135 |   117 |   408 |   552 |   378 |     2 |       |       |       ||  1592
       Airstrike         |       |     2 |    28 |   133 |   484 |   583 |   281 |   133 |   176 ||  1820
       Lightning Bolt    |       |       |       |     9 |    62 |   159 |   243 |   245 |   171 ||   889
       Static Discharge  |       |       |       |     8 |       |       |       |       |       ||     8
       Summon Lightning  |       |       |       |       |    21 |   123 |   106 |    46 |    34 ||   330
       Deflect Missiles  |       |       |       |       |       |     2 |     2 |     4 |     1 ||     9
       Conjure Ball Ligh |       |       |       |       |       |       |   205 |    85 |     9 ||   299
       Ozocubu's Armour  |       |       |       |       |       |       |     2 |       |       ||     2
       Fireball          |       |       |       |       |       |       |    13 |     2 |       ||    15
       Animate Dead      |       |       |       |       |       |       |    11 |    12 |    15 ||    38
       Regeneration      |       |       |       |       |       |       |     6 |    41 |    16 ||    63
       Freezing Cloud    |       |       |       |       |       |       |     1 |     3 |    10 ||    14
       Tornado           |       |       |       |       |       |       |       |    21 |    26 ||    47
       Shroud of Golubri |       |       |       |       |       |       |       |       |    13 ||    13
       Shadow Creatures  |       |       |       |       |       |       |       |       |    26 ||    26
       Malign Gateway    |       |       |       |       |       |       |       |       |    10 ||    10
       Dispel Undead     |       |       |       |       |       |       |       |       |     5 ||     5
Invok: Upheaval          |       |       |       |     1 |     2 |       |     2 |       |       ||     5
       Disaster Area     |       |       |       |       |     1 |     3 |     2 |     4 |       ||    10
Evoke: Wand              |       |       |       |    17 |    26 |    25 |    12 |    41 |    35 ||   156
       Lamp of fire      |       |       |       |     1 |     2 |     1 |       |       |       ||     4
       Phial of floods   |       |       |       |       |       |     1 |     1 |       |     1 ||     3
       Lightning rod     |       |       |       |       |       |       |    12 |       |       ||    12
       Staff of energy   |       |       |       |       |       |       |     8 |     5 |       ||    13
       Fan of gales      |       |       |       |       |       |       |       |     1 |       ||     1
       Phantom mirror    |       |       |       |       |       |       |       |       |     2 ||     2
  Use: Scroll            |       |     5 |     3 |    17 |    20 |    18 |    19 |    34 |    19 ||   135
       Potion            |       |       |       |     6 |     4 |     7 |     5 |    21 |    14 ||    57
 Stab: Sleeping          |       |       |     1 |       |       |       |       |       |       ||     1
       Distracted        |       |       |       |       |       |     2 |     4 |       |    15 ||    21
       Petrified         |       |       |       |       |       |    18 |       |       |       ||    18
       Petrifying        |       |       |       |       |       |     3 |       |       |       ||     3
       Paralysed         |       |       |       |       |       |       |    12 |       |     4 ||    16
       Confused          |       |       |       |       |       |       |       |       |     1 ||     1
  Eat: Ration            |       |       |     6 |     5 |    11 |    14 |    17 |    14 |    12 ||    79
Armor: Robe              |     7 |     1 |     2 |    18 |    28 |    43 |    43 |    18 |    26 ||   186
Dodge: Dodged            |    44 |    22 |   178 |   467 |   597 |   805 |   731 |   736 |  1046 ||  4626
       Deflected         |       |       |       |    10 |    25 |    54 |    34 |    40 |    43 ||   206
Block: Other             |       |       |    45 |   215 |   342 |   446 |   314 |   192 |   224 ||  1778
       Reflection        |       |       |       |    27 |    65 |    41 |     9 |       |       ||   142

Table legend:
 A = Non-vault XP
 B = Vault XP
 C = Vault XP percentage of total XP
 D = Non-vault monster count
 E = Vault monster count
 F = Vault count percentage of total count
                 A         B        C        D         E       F
            +---------+---------+-------+---------+---------+-------
      Total |  901682 |  745037 |  45.2 |    1759 |     858 |  32.8
            +---------+---------+-------+---------+---------+-------
        D:1 |      68 |       0 |   0.0 |      34 |       0 |   0.0
        D:2 |      65 |       0 |   0.0 |      22 |       0 |   0.0
        D:3 |      32 |       0 |   0.0 |      10 |       0 |   0.0
        D:4 |     238 |     197 |  45.3 |      15 |       1 |   6.2
        D:5 |     653 |     477 |  42.2 |      16 |       8 |  33.3
        D:6 |     950 |    1846 |  66.0 |      24 |      12 |  33.3
        D:7 |    1816 |       0 |   0.0 |      32 |       0 |   0.0
        D:8 |    2494 |     391 |  13.6 |      28 |       9 |  24.3
        D:9 |    3107 |       9 |   0.3 |      28 |       3 |   9.7
       D:10 |    1485 |    3765 |  71.7 |      11 |      18 |  62.1
       D:11 |    3026 |     785 |  20.6 |      24 |       7 |  22.6
       D:12 |    6066 |    5934 |  49.5 |      33 |      16 |  32.7
       D:13 |    8760 |    9157 |  51.1 |      34 |      23 |  40.4
       D:14 |    8942 |       0 |   0.0 |      25 |       0 |   0.0
       D:15 |   16016 |    4248 |  21.0 |      54 |       8 |  12.9
     Lair:1 |    3242 |     242 |   6.9 |      14 |       2 |  12.5
     Lair:2 |    5391 |     867 |  13.9 |      29 |      10 |  25.6
     Lair:3 |    6131 |     131 |   2.1 |      25 |       1 |   3.8
     Lair:4 |    2021 |    1012 |  33.4 |      13 |       1 |   7.1
     Lair:5 |    6463 |    1038 |  13.8 |      30 |       4 |  11.8
     Lair:6 |   10533 |   14002 |  57.1 |      26 |      38 |  59.4
    Swamp:1 |   17404 |    2231 |  11.4 |      48 |       7 |  12.7
    Swamp:2 |   12820 |       0 |   0.0 |      32 |       0 |   0.0
    Swamp:3 |   17419 |    1494 |   7.9 |      37 |       3 |   7.5
    Swamp:4 |   22877 |   14818 |  39.3 |      45 |      21 |  31.8
   Spider:1 |   13568 |    2120 |  13.5 |      49 |       1 |   2.0
   Spider:2 |    8121 |       0 |   0.0 |      20 |       0 |   0.0
   Spider:3 |   13602 |    2598 |  16.0 |      36 |       1 |   2.7
   Spider:4 |   14811 |   24144 |  62.0 |      43 |      41 |  48.8
    Slime:1 |    5675 |       0 |   0.0 |      17 |       0 |   0.0
    Slime:2 |   25939 |       0 |   0.0 |      28 |       0 |   0.0
    Slime:3 |   27202 |    2151 |   7.3 |      62 |       1 |   1.6
    Slime:4 |    8961 |    3584 |  28.6 |      19 |       4 |  17.4
    Slime:5 |    6360 |   20926 |  76.7 |       8 |       9 |  52.9
      Orc:1 |    2902 |    4226 |  59.3 |      20 |      13 |  39.4
      Orc:2 |    2283 |    7745 |  77.2 |      39 |      31 |  44.3
      Elf:1 |   32238 |    5223 |  13.9 |      54 |       9 |  14.3
      Elf:2 |   15272 |   29815 |  66.1 |      28 |      41 |  59.4
      Elf:3 |    8708 |   35752 |  80.4 |      15 |      28 |  65.1
   Vaults:1 |   25899 |   10052 |  28.0 |      58 |      11 |  15.9
   Vaults:2 |   15122 |   22782 |  60.1 |      19 |      35 |  64.8
   Vaults:3 |   26069 |   11079 |  29.8 |      39 |      19 |  32.8
   Vaults:4 |   62351 |   38914 |  38.4 |      86 |      38 |  30.6
   Vaults:5 |   39610 |  126307 |  76.1 |      71 |      96 |  57.5
   Depths:1 |   22152 |   22846 |  50.8 |      34 |      40 |  54.1
   Depths:2 |   30176 |   28970 |  49.0 |      39 |      20 |  33.9
   Depths:3 |   18780 |   98101 |  83.9 |      34 |      68 |  66.7
   Depths:4 |   44200 |    5673 |  11.4 |      53 |       4 |   7.0
   Depths:5 |   37721 |   24517 |  39.4 |      50 |      19 |  27.5
      Zot:1 |   32266 |       0 |   0.0 |      23 |       0 |   0.0
      Zot:2 |   53479 |   20433 |  27.6 |      37 |      12 |  24.5
      Zot:3 |   57760 |       0 |   0.0 |      35 |       0 |   0.0
      Zot:4 |   53477 |       0 |   0.0 |      27 |       0 |   0.0
      Zot:5 |   38959 |  110523 |  73.9 |      27 |      31 |  53.4
        Lab |       0 |    1231 | 100.0 |       0 |       1 | 100.0
    Ossuary |       0 |     386 | 100.0 |       0 |      37 | 100.0
      IceCv |       0 |   12886 | 100.0 |       0 |      45 | 100.0
    Volcano |       0 |    9409 | 100.0 |       0 |      11 | 100.0
            +---------+---------+-------+---------+---------+-------
